AoeStats
← SticksTricks

African Clearing

506969244Analyzed
4v4 RM · 16d ago on Sep 16, 2026· 81m 42s· 8 players
Game mode
Random Map
Map size
Large (8 player)
Population
200
Speed
Normal
Resources
Standard
Victory
Conquest
Starting age
Dark Age
Ending age
Imperial Age
RankedLock teamsTeams togetherTeam positionsShared explorationLock speedFull tech treeHidden civsTurbo modeCheats
Victory
Defeat
🇨🇱 Inca · Chile
1130
+12
🇭🇳 Goths · Honduras
1106
+12
🇭🇳 Mapuche · Honduras
1057
+14
🇭🇳 Burgundians · Honduras
998
+18
🇲🇽 Jurchens · Mexico
1050
-15
🇲🇽 Cumans · Mexico
1035
-14
🇨🇦 Wei · Canada
1018
-14
🇨🇦 Mongols · Canada
998
-13
McLain40
4:05 Loom
15:32 Feudal Age
16:41 Double-Bit Axe
22:21 Castle Age
21:11 Fishing Lines
25:23 Wheelbarrow
30:17 Bow Saw
34:43 Bloodlines
34:42 Horse Collar
35:47 Hand Cart
35:38 Gold Mining
35:39 Stone Mining
37:56 Gold Shaft Mining
37:57 Stone Shaft Mining
37:47 Heavy Plow
38:41 Gillnets
39:41 Padded Archer Armor
41:00 Leather Archer Armor
54:11 Siege Engineers
54:59 Masonry
56:12 Scale Barding Armor
56:17 Forging
57:43 Husbandry
57:04 Light Cavalry
58:22 Iron Casting
58:07 Chain Barding Armor
66:02 Treadmill Crane
72:17 Imperial Age
73:40 Hussar
danny dillinger
11:14 Loom
13:01 Feudal Age
15:08 Double-Bit Axe
17:59 Loom
21:30 Castle Age
20:39 Stone Mining
21:00 Town Watch
23:13 Bloodlines
24:08 Horse Collar
27:20 Fletching
27:31 Padded Archer Armor
29:49 Bodkin Arrow
30:06 Forging
29:57 Scale Mail Armor
33:35 Gold Mining
37:35 Leather Archer Armor
40:25 Imperial Age
40:51 Ballistics
40:27 Murder Holes
41:55 Conscription
45:26 Steppe Husbandry
46:57 Elite Kipchak
51:36 Hoardings
51:53 Wheelbarrow
52:50 Bow Saw
55:24 Cuman Mercenaries
55:07 Light Cavalry
57:17 Heavy Plow
66:41 Gold Shaft Mining
67:44 Chemistry
68:21 Crop Rotation
75:54 Chain Mail Armor
76:14 Iron Casting
75:45 Scale Barding Armor
75:20 Man-at-Arms
76:04 Squires
77:04 Long Swordsman
77:22 Cavalier
78:23 Two-Handed Swordsman
78:23 Pikeman
thegladiator989
5:38 Loom
12:58 Feudal Age
14:28 Wheelbarrow
18:12 Castle Age
16:32 Horse Collar
25:45 Heavy Plow
28:58 Hand Cart
28:29 Town Watch
29:37 Gold Mining
29:37 Stone Mining
33:32 Double-Bit Axe
33:57 Fletching
36:02 Gold Shaft Mining
39:28 Imperial Age
38:32 Town Patrol
38:45 Bow Saw
39:39 Bodkin Arrow
39:45 Padded Archer Armor
39:55 Forging
39:51 Scale Barding Armor
40:05 Bloodlines
39:55 Husbandry
40:40 Conscription
39:42 Elite Mangudai
40:48 Ballistics
40:39 Masonry
41:50 Murder Holes
42:46 Hoardings
42:24 Nomads
43:36 Iron Casting
43:22 Chain Barding Armor
43:03 Bracer
43:18 Leather Archer Armor
44:47 Drill
44:39 Husbandry
44:01 Heavy Camel Rider
45:09 Siege Engineers
44:45 Onager
46:54 Blast Furnace
46:04 Siege Onager
47:06 Light Cavalry
47:31 Heavy Scorpion
51:01 Hussar
58:06 Fervor
Rage of Khorne
3:29 Loom
13:54 Feudal Age
14:24 Double-Bit Axe
15:18 Wheelbarrow
14:28 Horse Collar
14:47 Gold Mining
17:49 Stone Mining
21:57 Castle Age
23:48 Stone Shaft Mining
23:35 Bow Saw
23:27 Heavy Plow
30:31 Pikeman
31:11 Squires
30:57 Arson
35:02 Hand Cart
43:46 Imperial Age
42:05 Husbandry
42:16 Bloodlines
42:13 Tuntian
42:55 Fletching
43:11 Scale Barding Armor
43:17 Forging
43:43 Bodkin Arrow
45:39 Ballistics
46:20 Chemistry
44:53 Heavy Hei Guang Cavalry
46:14 Parthian Tactics
45:56 Thumb Ring
46:23 Conscription
48:05 Iron Casting
47:53 Chain Barding Armor
48:36 Crop Rotation
48:54 Light Cavalry
51:17 Hussar
52:54 Iron Casting
61:46 Elite Skirmisher
64:53 Capped Ram
66:27 Siege Ram
73:55 Padded Archer Armor
75:11 Blast Furnace
74:12 Bracer
74:13 Scale Mail Armor
SticksTricks
10:05 Horse Collar
11:25 Loom
15:14 Feudal Age
14:03 Double-Bit Axe
15:31 Stone Mining
16:56 Heavy Plow
18:42 Wheelbarrow
19:45 Bow Saw
21:37 Scale Barding Armor
21:42 Forging
24:58 Castle Age
30:28 Iron Casting
30:14 Chain Barding Armor
29:21 Cavalier
30:04 Husbandry
34:14 Hand Cart
34:23 Burgundian Vineyards
37:26 Gold Mining
38:39 Two-Man Saw
38:11 Crop Rotation
38:51 Arson
42:59 Light Cavalry
48:07 Imperial Age
48:57 Coinage
48:39 Guilds
51:00 Squires
50:20 Pikeman
50:44 Hussar
53:40 Hand Cart
53:14 Town Watch
56:22 Blast Furnace
55:57 Plate Barding Armor
55:23 Scale Mail Armor
55:54 Conscription
57:28 Halberdier
58:37 Ballistics
59:16 Chain Mail Armor
58:41 Capped Ram
62:14 Paladin
Guimad
13:07 Loom
15:54 Feudal Age
20:57 Castle Age
21:07 Fletching
21:18 Padded Archer Armor
22:23 Bodkin Arrow
23:13 Double-Bit Axe
26:59 Loom
29:21 Bow Saw
32:34 Horse Collar
35:54 Ballistics
38:56 Leather Archer Armor
38:41 Elite Skirmisher
41:09 Wheelbarrow
46:55 Imperial Age
48:10 Imperial Age
46:51 Malon
49:24 Ring Archer Armor
49:09 Butalmapu
49:25 Conscription
50:56 Chemistry
51:27 Butalmapu
50:43 Elite Kona
55:10 Hoardings
57:18 Bombard Tower
Rey Dantagnan
12:45 Feudal Age
11:02 Loom
16:42 Horse Collar
16:51 Double-Bit Axe
17:34 Town Watch
21:01 Castle Age
19:20 Gold Mining
20:08 Wheelbarrow
19:58 Stone Mining
21:23 Arson
23:04 Bow Saw
23:47 Forging
23:38 Scale Mail Armor
27:05 Squires
32:02 Heavy Plow
33:18 Gold Shaft Mining
34:57 Iron Casting
34:37 Chain Mail Armor
35:12 Stone Shaft Mining
38:14 Hand Cart
39:20 Town Patrol
40:40 Fortified Wall
43:01 Fletching
45:28 Bodkin Arrow
50:46 Imperial Age
49:48 Ballistics
49:24 Murder Holes
52:02 Crop Rotation
52:45 Blast Furnace
52:15 Plate Mail Armor
53:05 Conscription
57:29 Capped Ram
62:48 Plate Mail Armor
Rhamlock
8:53 Loom
14:05 Feudal Age
20:24 Castle Age
22:08 Horse Collar
23:05 Horse Collar
24:00 Horse Collar
27:41 Double-Bit Axe
30:25 Bow Saw
33:29 Gold Mining
33:50 Squires
34:43 Wheelbarrow
33:55 Town Watch
34:53 Heavy Plow
38:34 Imperial Age
36:08 Scale Mail Armor
36:18 Forging
37:03 Anarchy
37:19 Town Patrol
38:25 Chain Mail Armor
38:35 Elite Huskarl
39:38 Conscription
41:05 Iron Casting
45:21 Blast Furnace
50:58 Hand Cart
50:37 Pikeman
52:54 Halberdier
60:11 Perfusion
Connection lost

Rejoining the realm…

Still unreachable

The connection could not be restored.

Session expired

The server has moved on; the page needs a fresh start.